 Dungeon Crawl Stone Soup version 0.27.1-1-g398f81649c (webtiles) character file.

Game seed: 1027282638307923856

42 pokedragonboy the Chopper (level 3, -1/33 HPs)
             Began as a Hill Orc Monk on Sept 12, 2021.
             Slain by Terence (6 damage)
             ... on level 2 of the Dungeon.
             The game lasted 00:02:25 (1458 turns).

pokedragonboy the Chopper (Hill Orc Monk)           Turns: 1458, Time: 00:02:26

Health: -1/33      AC:  5    Str: 14    XL:     3   Next: 56%
Magic:  4/4        EV: 11    Int: 10    God:
Gold:   61         SH:  0    Dex: 13    Spells: 2/2 levels left

rFire    . . .     SeeInvis .   a - +0 hand axe
rCold    . . .     Faith    .   (no shield)
rNeg     . . .     Spirit   .   g - +0 ring mail
rPois    .         Reflect  .   (no helmet)
rElec    .         Harm     .   (no cloak)
rCorr    .         Rampage  .   (no gloves)
Will     .....                  (no boots)
Stlth    +.........             (no amulet)
HPRegen  0.11/turn              (no ring)
MPRegen  0.09/turn              (no ring)

@: no status effects
A: no striking features
a: no special abilities


You were on level 2 of the Dungeon.
You visited 1 branch of the dungeon, and saw 2 of its levels.

You collected 61 gold pieces.

Inventory:

Hand Weapons
 a - a +0 hand axe (weapon)
Armour
 g - a +0 ring mail (worn)
Scrolls
 d - a scroll of identify {unknown}
 h - 2 scrolls of teleportation {unknown}
 j - a scroll of fog {unknown}
Potions
 c - a potion of attraction {unknown}
 e - a potion of lignification {unknown}
 f - a potion of degeneration {unknown}
 i - a potion of haste {unknown}


   Skills:
 + Level 4.0 Fighting
 * Level 4.8 Axes
 + Level 1.3 Armour
 - Level 2.4 Dodging
 - Level 1.5 Stealth
 + Level 1.5 Invocations


You had 2 spell levels left.
You didn't know any spells.
Your spell library was empty.

Dungeon Overview and Level Annotations

Branches:
Dungeon (2/15)

Altars:

Annotations:
D:2 Terence


Message History

Terence closely misses you.
Terence asks, "Do you want it fast or slow?"
Terence hits you with a +0 flail.
* * * LOW HITPOINT WARNING * * *
You feel much better. Terence closely misses you.
You hit Terence but do no damage.
Terence is severely wounded.
Terence hits you but does no damage.
You barely miss Terence.
Terence is severely wounded.
Terence hits you with a +0 flail.
You hit Terence.
Terence is severely wounded.
Terence closely misses you.
You closely miss Terence.
Terence is severely wounded.
Terence hits you but does no damage.
You barely miss Terence.
Terence is severely wounded.
Terence misses you.
You hit Terence but do no damage.
Terence is severely wounded.
Terence closely misses you.
You hit Terence but do no damage.
Terence is severely wounded.
Terence barely misses you.
You hit Terence but do no damage.
Terence is severely wounded.
Terence closely misses you.
You hit Terence.
Terence is severely wounded.
Terence hits you with a +0 flail!
* * * LOW HITPOINT WARNING * * *
You hit Terence but do no damage.
Terence is severely wounded.
Terence barely misses you.
You hit Terence but do no damage.
Terence is severely wounded.
Terence closely misses you. Terence hits you with a +0 flail.
You die...

...........# #.
##.#.##.##.## #.
#......##..## #.
#.#.#..##.†.### #.
#.#.#..........
#.###.#.##.##...###
#..............##
##....########.#
#@#### #.# #@# ##+#
#.# ##...## #.#
##.....## #.#
##.......# #..
#......... ...
+......... ...
#.........
#.......#


You could see Terence.

Vanquished Creatures
  2 adders (D:2)
  4 bats
  3 endoplasms
  2 hobgoblins
  3 jackals (D:2)
  A quokka (D:1)
  A frilled lizard (D:1)
  5 kobolds (D:1)
  3 rats
24 creatures vanquished.

Notes
Turn   | Place    | Note
-------+----------+-------------------------------------------
     0 | D:1      | pokedragonboy the Hill Orc Monk began the quest for the
                  | Orb.
     0 | D:1      | Reached XP level 1. HP: 19/19 MP: 1/1
   132 | D:1      | Reached XP level 2. HP: 9/27 MP: 2/2
   428 | D:1      | Reached skill level 1 in Invocations
   796 | D:2      | Reached skill level 1 in Armour
   796 | D:2      | Reached XP level 3. HP: 16/33 MP: 3/3
  1418 | D:2      | Noticed Terence
  1446 | D:2      | HP: 1/33 [Terence (5)]
  1458 | D:2      | Slain by Terence

Illustrated notes

Levels and vault maps discovered:
D:1:      heliophobic_arrival_glass_houses, layout_rooms
D:2:      layout_loops_corners, minmay_heptomino_d4, uniq_crazy_yiuf_cottage,
          uniq_terence

Skill      XL: |  1  2  3 |
---------------+----------+-----
Invocations    | 1 |  1.5
Armour         | 1 |  1.3
Fighting       | 4 |  4.0
Axes           | |  4.8
Dodging        | |  2.4
Stealth        | |  1.5

Action                   || total
-------------------------++-------
Melee: Hand axe          ||   110
  Use: Potion            ||     2
 Stab: Sleeping          ||     1
Armor: Robe              ||     5
       Leather armour    ||     5
       Ring mail         ||    23
Dodge: Dodged            ||    68
